 Dungeon Crawl Stone Soup version 0.28.0-45-g0d030f2227 (webtiles) character file.

Game seed: 17344234407124607994

1572 101zpm the Gusty (level 8, -1/60 HPs)
             Began as a Gnoll Air Elementalist on Apr 23, 2022.
             Was a Follower of Sif Muna.
             Slain by a gnoll
             ... wielding a +0 whip
              (7 damage)
             ... on level 5 of the Dungeon.
             The game lasted 00:29:16 (7688 turns).

101zpm the Gusty (Gnoll Air Elementalist)           Turns: 7688, Time: 00:29:17

Health: -1/60      AC:  6    Str:  7    XL:     8   Next: 90%
Magic:  8/17       EV: 14    Int: 17    God:    Sif Muna [*.....]
Gold:   232        SH:  0    Dex: 13    Spells: 18/19 levels left

rFire   . . .      SeeInvis .   h - staff of cold
rCold   + . .      Faith    .   (no shield)
rNeg    . . .      Spirit   .   a - +0 robe
rPois   .          Reflect  .   (no helmet)
rElec   .          Harm     .   (no cloak)
rCorr   .          Rampage  .   c - +0 pair of gloves
Will    .....                   g - +2 pair of boots
Stlth   +.........              (no amulet)
HPRegen 0.20/turn               (no ring)
MPRegen 0.15/turn               (no ring)

@: lit by a corona, very slightly contaminated, glowing
A: fangs 1, strong nose, distributed training
a: Renounce Religion, Channel Magic


You were on level 5 of the Dungeon.
You worshipped Sif Muna.
Sif Muna was aware of your devotion.
You visited 2 branches of the dungeon, and saw 10 of its levels.

You collected 232 gold pieces.

Inventory:

Missiles
 w - 3 throwing nets
Armour
 a - a +0 robe (worn)
 c - a +0 pair of gloves (worn)
 g - a +2 pair of boots (worn)
 C - the +1 scale mail of Exclusion {rF+++}
   (You found it on level 6 of the Dungeon)

   rF:        It renders you almost immune to fire.
 D - a +0 pair of gloves
Magical Staves
 h - a staff of cold (weapon)
Jewellery
 p - a ring of poison resistance
 x - a +4 ring of slaying
Wands
 s - a wand of flame (17)
 y - a wand of polymorph (4)
 A - a wand of digging (1)
Scrolls
 d - 6 scrolls of identify {unknown}
 e - a scroll of enchant armour {unknown}
 f - 4 scrolls of teleportation {unknown}
 j - a scroll of fear {unknown}
 k - a scroll of blinking {unknown}
 l - 5 scrolls of fog {unknown}
 o - a scroll of magic mapping {unknown}
 q - a scroll of vulnerability {unknown}
 t - a scroll of amnesia {unknown}
 v - a scroll of immolation {unknown}
 E - a scroll of brand weapon {unknown}
Potions
 b - 6 potions of curing {unknown}
 i - a potion of mutation {unknown}
 m - 3 potions of might
 n - 2 potions of brilliance {unknown}
 r - a potion of flight {unknown}
 u - 2 potions of attraction {unknown}
 z - a potion of berserk rage {unknown}
 B - a potion of heal wounds {unknown}


   Skills:
 + Level 3.6 Fighting
 + Level 3.6 Short Blades
 + Level 3.6 Long Blades
 + Level 3.6 Axes
 + Level 3.6 Maces & Flails
 + Level 3.6 Polearms
 + Level 3.6 Staves
 + Level 3.6 Slings
 + Level 3.6 Bows
 + Level 3.6 Crossbows
 + Level 3.6 Throwing
 + Level 3.6 Armour
 + Level 5.9 Dodging
 + Level 5.6 Stealth
 + Level 3.6 Shields
 + Level 3.6 Unarmed Combat
 + Level 6.2 Spellcasting
 + Level 3.7 Conjurations
 + Level 3.0 Hexes
 + Level 3.0 Summonings
 + Level 3.0 Necromancy
 + Level 3.0 Translocations
 + Level 3.0 Transmutations
 + Level 3.0 Fire Magic
 + Level 3.0 Ice Magic
 + Level 6.3 Air Magic
 + Level 3.0 Earth Magic
 + Level 3.0 Poison Magic
 + Level 4.0 Invocations
 + Level 3.6 Evocations


You had 18 spell levels left.
You knew the following spells:

 Your Spells              Type           Power      Damage    Failure   Level
a - Shock                 Conj/Air       88%        1d8       1%          1

Your spell library contained the following spells:

 Spells                   Type           Power      Damage    Failure   Level
 Static Discharge         Conj/Air       22%        N/A       2%          2
 Swiftness                Air            26%        N/A       2%          3
 Airstrike                Air            13%        N/A       10%         4


Dungeon Overview and Level Annotations

Branches:
Dungeon (9/15)             Temple (1/1) D:4
   Lair: D:8-11         Orc: D:9-12

Altars:
Ashenzari
Cheibriados
Dithmenos
Fedhas
Gozag
Hepliaklqana
Nemelex Xobeh
Okawaru
Sif Muna
Trog
Uskayaw
Vehumet
Wu Jian
Xom
Yredelemnul

Shops:
D:5 :   D:6 *   D:7 (

Annotations:
D:2 Sigmund
D:3 3 runed translucent doors, CryoSword's ghost, amateur PaFi
D:7 2 transporters
D:8 Prince Ribbit


Innate Abilities, Weirdness & Mutations

You have very sharp teeth.
Your uncanny sense of smell can sniff out nearby items.
Your experience applies equally to all skills.


Message History

You are very lightly contaminated with residual magic.
Nothing appears to happen.
The gnoll hits you from afar with a +0 spear!
The gnoll closely misses you.
Aiming: Shock (safe; 1% risk of failure)
Press: ? - help, Q - select action, (/) - cycle Shift-Dir - straight line, f - howler monkey, p - gnoll
Aim: a howler monkey (lightly wounded, 71% to hit)
The zap hits the gnoll.
You kill the gnoll!
Sif Muna accepts your kill.
The zap hits the gnoll.
The gnoll is lightly wounded.
The zap hits the howler monkey.
The howler monkey is moderately wounded.
The zap hits the gnoll.
The gnoll is moderately wounded.
The gnoll hits you from afar with a +0 spear.
The gnoll shaman calls down the wrath of its god upon you.
You are outlined in light.
The howler monkey hoots and howls with incredible vigour!
The gnoll hits you with a +0 whip.
You struggle against the net.
The gnoll hits you from afar with a +0 spear.
The gnoll shaman calls upon its god to heal the gnoll.
The gnoll's wounds heal themselves!
The gnoll hits you with a +0 whip.
* * * LOW HITPOINT WARNING * * *
You struggle against the net.
The gnoll hits you from afar with a +0 spear.
* * * LOW HITPOINT WARNING * * *
The gnoll hits you with a +0 whip.
* * * LOW HITPOINT WARNING * * *
You struggle against the net.
The gnoll shaman hits you with a +0 whip.
* * * LOW HITPOINT WARNING * * *
The gnoll hits you but does no damage.
The howler monkey hoots and howls with incredible vigour!
The gnoll completely misses you. The gnoll hits you but does no damage.
You shred the net and break free! The gnoll shaman closely misses you.
The gnoll barely misses you. The gnoll hits you with a +0 whip!
You die...

########## ####
.........# ##...
.........# #######....
.........#####.........#
.....ggg................
.....hg@.............#._
.....#########..........
... .................# .
..................
..........#.........
..#............#....
.......)............
.....#..........#+#.
...>................


You could see a gnoll shaman, a howler monkey (catching breath) and 3 gnolls.

Vanquished Creatures
  Duvessa (D:6)
  2 water moccasins
  A black bear (D:7)
  2 necrophages
  An ogre (D:6)
  A wyvern zombie (D:6)
  A gnoll sergeant (D:7)
  A wyvern skeleton (D:6)
  Dowan (D:6)
  A howler monkey (D:6)
  2 wights (D:7)
  A jelly (D:6)
  2 hounds (D:4)
  4 iguanas
  Terence (D:2)
  2 orc wizards (D:8)
  11 gnolls
  4 adders
  2 worms
  4 dart slugs
  26 orcs
  An endoplasm (D:1)
  4 giant cockroaches
  11 goblins
  11 hobgoblins
  3 jackals (D:1)
  A quokka (D:4)
  9 ball pythons
  8 bats
  4 frilled lizards
  25 kobolds
  8 rats
156 creatures vanquished.

Vanquished Creatures (others)
  A rat (D:2)
  8 plants (D:2)
9 creatures vanquished.

Grand Total: 165 creatures vanquished

Notes
Turn   | Place    | Note
-------+----------+-------------------------------------------
     0 | D:1      | 101zpm the Gnoll Air Elementalist began the quest for the
                  | Orb.
     0 | D:1      | Reached XP level 1. HP: 13/13 MP: 6/6
   226 | D:1      | Reached XP level 2. HP: 19/19 MP: 5/7
   764 | D:1      | Reached XP level 3. HP: 25/25 MP: 2/9
   846 | D:1      | Reached skill level 5 in Spellcasting
  1199 | D:1      | Reached skill level 1 in Invocations
  1638 | D:3      | Reached skill level 1 in Fighting
  1638 | D:3      | Reached skill level 1 in Short Blades
  1638 | D:3      | Reached skill level 1 in Long Blades
  1638 | D:3      | Reached skill level 1 in Axes
  1638 | D:3      | Reached skill level 1 in Maces & Flails
  1638 | D:3      | Reached skill level 1 in Polearms
  1638 | D:3      | Reached skill level 1 in Staves
  1638 | D:3      | Reached skill level 1 in Slings
  1638 | D:3      | Reached skill level 1 in Bows
  1638 | D:3      | Reached skill level 1 in Crossbows
  1638 | D:3      | Reached skill level 1 in Throwing
  1638 | D:3      | Reached skill level 1 in Armour
  1638 | D:3      | Reached skill level 1 in Shields
  1638 | D:3      | Reached skill level 1 in Unarmed Combat
  1638 | D:3      | Reached skill level 1 in Evocations
  1706 | D:3      | Noticed a kobold brigand
  1707 | D:3      | Found a runed translucent gate.
  1707 | D:3      | Found a runed translucent gate.
  1707 | D:3      | Found a runed translucent gate.
  1707 | D:3      | Noticed CryoSword's ghost (amateur PaFi)
  1782 | D:3      | Reached XP level 4. HP: 32/32 MP: 8/11
  1820 | D:3      | Found an ornate altar of the Wu Jian Council.
  1954 | D:2      | Noticed Terence
  1965 | D:2      | Killed Terence
  1966 | D:2      | Reached skill level 1 in Hexes
  1966 | D:2      | Reached skill level 1 in Summonings
  1966 | D:2      | Reached skill level 1 in Necromancy
  1966 | D:2      | Reached skill level 1 in Translocations
  1966 | D:2      | Reached skill level 1 in Transmutations
  1966 | D:2      | Reached skill level 1 in Fire Magic
  1966 | D:2      | Reached skill level 1 in Ice Magic
  1966 | D:2      | Reached skill level 1 in Earth Magic
  1966 | D:2      | Reached skill level 1 in Poison Magic
  2255 | D:2      | Noticed Sigmund
  2514 | D:4      | Reached XP level 5. HP: 37/37 MP: 6/12
  2572 | D:4      | Found a basalt altar of Yredelemnul.
  2652 | D:4      | Found a staircase to the Ecumenical Temple.
  2784 | D:4      | Found a hide-covered altar of Uskayaw.
  3137 | Temple   | Entered the Ecumenical Temple
  3385 | Temple   | Became a worshipper of Sif Muna the Loreminder
  3417 | D:5      | Entered Level 5 of the Dungeon
  3423 | D:5      | Reached XP level 6. HP: 44/44 MP: 7/13
  3474 | D:5      | Noticed a necrophage
  3487 | D:5      | Killed a necrophage
  3488 | D:5      | Reached skill level 5 in Dodging
  3730 | D:5      | Found a radiant altar of Vehumet.
  4188 | D:5      | Found Jeruoga's Book Emporium.
  4232 | D:6      | Reached XP level 7. HP: 49/50 MP: 7/15
  4289 | D:6      | Found Ontaquuj's Assorted Antiques.
  4349 | D:7      | Found a transporter.
  4610 | D:7      | Found a transporter.
  4615 | D:7      | Found a bloodstained altar of Trog.
  4700 | D:7      | Reached * piety under Sif Muna
  4701 | D:7      | Reached skill level 5 in Stealth
  4871 | D:7      | Found Kaihimar's Weapon Boutique.
  4931 | D:8      | Reached XP level 8. HP: 47/57 MP: 5/16
  5414 | D:8      | Noticed Prince Ribbit
  5990 | D:6      | Noticed Duvessa
  6036 | D:6      | Killed Duvessa
  6091 | D:6      | Noticed Dowan
  6095 | D:6      | Killed Dowan
  6262 | D:6      | Found an opulent altar of Gozag.
  6713 | D:6      | Identified the +1 scale mail of Exclusion {rF+++}
  7688 | D:5      | Slain by a gnoll

Illustrated notes

Levels and vault maps discovered:
D:1:      tarquinn_simple_flora_water_a, layout_loops_cross, minmay_pentomino_r4
D:2:      layout_loops_ring, lexackson_kobold_supper, uniq_sigmund, uniq_terence
D:3:      layout_basic, nicolae_wu_jian_wuxing_cycle,
          gammafunk_ghost_nasty_kobolds
D:4:      layout_gridville, mainiacjoe_overflow_boulevard,
          mainiacjoe_overflow_surrounded_room, minmay_temple_entry_stoned_glass,
          chequers_arboretum
D:5:      corexii_shantytown, layout_basic, vehumet_altar_wand_db,
          lemuel_tele_altar, serial_shops, nicolae_shop_hallway_plus
D:6:      layout_loops_ring, pdpol_temple_overflow_zin_treasury_gozag_greed,
          serial_shops, nicolae_shop_waterfront, grunt_decor_mini_mirrors,
          uniq_eustachio, uniq_duvessa
D:7:      wad_lake_hut, layout_loops_corners, gammafunk_ghost_wrathful_warriors,
          serial_shops, kennysheep_little_box, uniq_maggie
D:8:      layout_rooms, lemuel_crystal_altar, nicolae_overflow_hidden_temple,
          uniq_prince_ribbit1
D:9:      layout_loops_ring, mainiacjoe_overflow_brackets, hiddenorc1_lemuel
Temple:   compressed_dpeg_triangle_lava_temple

Skill      XL: |  1  2  3  4  5  6  7  8 |
---------------+-------------------------+-----
Conjurations   | 2 3 |  3.7
Spellcasting   | 5 6 |  6.2
Invocations    | 1 2 3 4 |  4.0
Fighting       | 1 2 3 |  3.6
Short Blades   | 1 2 3 |  3.6
Long Blades    | 1 2 3 |  3.6
Axes           | 1 2 3 |  3.6
Maces & Flails | 1 2 3 |  3.6
Polearms       | 1 2 3 |  3.6
Staves         | 1 2 3 |  3.6
Slings         | 1 2 3 |  3.6
Bows           | 1 2 3 |  3.6
Crossbows      | 1 2 3 |  3.6
Throwing       | 1 2 3 |  3.6
Armour         | 1 2 3 |  3.6
Shields        | 1 2 3 |  3.6
Unarmed Combat | 1 2 3 |  3.6
Evocations     | 1 2 3 |  3.6
Hexes          | 1 2 3 |  3.0
Summonings     | 1 2 3 |  3.0
Necromancy     | 1 2 3 |  3.0
Translocations | 1 2 3 |  3.0
Transmutations | 1 2 3 |  3.0
Fire Magic     | 1 2 3 |  3.0
Ice Magic      | 1 2 3 |  3.0
Earth Magic    | 1 2 3 |  3.0
Poison Magic   | 1 2 3 |  3.0
Dodging        | 5 |  5.9
Stealth        | 5 |  5.6
Air Magic      | 6 |  6.3

Action                   |  1- 3 |  4- 6 |  7- 9 || total
-------------------------+-------+-------+-------++-------
Melee: Unarmed           |    26 |       |     9 ||    35
       Bite              |     4 |     1 |       ||     5
       Staff             |       |     9 |    11 ||    20
       Punch             |       |       |     1 ||     1
 Cast: Shock             |    77 |   142 |   203 ||   422
Invok: Channel Magic     |       |       |     1 ||     1
Armor: Robe              |     4 |    12 |    23 ||    39
       Skin              |       |       |     2 ||     2
Dodge: Dodged            |    24 |    27 |    58 ||   109
